 Dungeon Crawl Stone Soup version 0.32-a0-350-g4f4d228785 (webtiles) character file.

Game seed: 11200442580368935268

1992576 HyperOdds the Acrobat (level 27, 236/236 HPs)
             Began as a Gnoll Cinder Acolyte on Feb 15, 2024.
             Was the Champion of Ashenzari.
             Escaped with the Orb
             ... and 4 runes on Feb 17, 2024!
             The game lasted 03:21:45 (91095 turns).

HyperOdds the Acrobat (Gnoll Cinder Acolyte)       Turns: 91095, Time: 03:21:45

Health: 236/236    AC: 23    Str: 15    XL:     27
Magic:  38/59      EV: 23    Int: 36    God:    Ashenzari [******]
Gold:   4453       SH: 19    Dex: 12    Spells: 5/71 levels left

rFire   + . .        E - staff of Ashenzari's Portent (curse) {Fly rElec rN+ Stlth+ Summ Air, Cun, Sorc} (curse)
rCold   + . .        G - +2 kite shield of Ashenzari's Prison {AC+3, Elem, Fort} (curse)
rNeg    + + .        k - +2 robe of the Oracular Sky {rC+ rF+, Elem, Fort} (curse)
rPois   .            o - +3 hat of Pondering {ponderous, Will+ MP+10 Int+5, Self, Sorc} (curse)
rElec   +            r - -1 cloak "At What Cost Knowledge?" {rF+ Dex+3, Elem, Bglg} (curse)
rCorr   .            y - +2 pair of gloves of the Eternal Black Moon {hurl, Self, Fort} (curse)
SInv    +            v - +2 pair of boots of the Enlightened Levity {Sorc, Melee} (curse)
Will    +++++        m - amulet of the Four Winds {rN+ Will+++ Clar, Sorc, Bglg} (curse)
Stlth   +++          a - ring of Ashenzari's Urgency {Int+6, Fort, Sorc} (curse)
HPRegen 1.39/turn    W - ring of the Oracular Servitude {Wiz, Dev, Comp} (curse)
MPRegen 0.36/turn

%: clarity, wizardry (x1)
@: flying, studying 2 skills, slow
A: fangs 1, strong nose, distributed training, iridescent scales 1, regeneration
1, heat vulnerability 1, subdued magic 1, noise suppression
0: Orb of Zot
}: 4/15 runes: decaying, slimy, silver, gossamer
a: Renounce Religion, Shatter the Chains


You escaped.
You worshipped Ashenzari.
Ashenzari was exalted by your worship.
You visited 12 branches of the dungeon, and saw 56 of its levels.
You also visited: Gauntlet.

You collected 9569 gold pieces.
You spent 5116 gold pieces at shops.

Inventory:

Missiles
 X - 24 boomerangs
 Y - 19 javelins
 Z - a throwing net
Armour
 k - the cursed +2 robe of the Oracular Sky (worn) {rC+ rF+, Elem, Fort}
   (You took it off a rakshasa on level 15 of the Dungeon)

   It has a curse which improves the following skills: Elements: Fire Magic, Ice
   Magic, Air Magic and Earth Magic.
   Fortitude: Armour and Shields.
 o - the cursed +3 hat of Pondering (worn) {ponderous, Will+ MP+10 Int+5, Self, Sorc}
   (You bought it in a shop on level 2 of the Orcish Mines)

   Int+5:     It affects your intelligence (+5).
   Will+:     It increases your willpower.
   MP+10:     It affects your magic capacity (+10).
   It has a curse which improves the following skills: Introspection: Fighting
   and Spellcasting.
   Sorcery:   Conjurations and Alchemy.
 r - the cursed -1 cloak "At What Cost Knowledge?" (worn) {rF+ Dex+3, Elem, Bglg}
   (You found it on level 10 of the Dungeon)

   Dex+3:     It affects your dexterity (+3).
   rF+:       It protects you from fire.
   It has a curse which improves the following skills: Elements: Fire Magic, Ice
   Magic, Air Magic and Earth Magic.
   Beguiling: Hexes and Translocations.
 v - the cursed +2 pair of boots of the Enlightened Levity (worn) {Sorc, Melee}
   (You found it on level 3 of the Dungeon)

   It has a curse which improves the following skills: Sorcery: Conjurations and
   Alchemy.
   Melee Combat: Short Blades, Long Blades, Axes, Maces & Flails, Polearms,
   Staves and Unarmed Combat.
 y - the cursed +2 pair of gloves of the Eternal Black Moon (worn) {hurl, Self, Fort}
   (You bought it in a shop on level 2 of the Orcish Mines)

   It has a curse which improves the following skills: Introspection: Fighting
   and Spellcasting.
   Fortitude: Armour and Shields.
 G - the cursed +2 kite shield of Ashenzari's Prison (worn) {AC+3, Elem, Fort}
   (You found it on level 3 of the Elven Halls)

   It has a curse which improves the following skills: Elements: Fire Magic, Ice
   Magic, Air Magic and Earth Magic.
   Fortitude: Armour and Shields.
Magical Staves
 E - the cursed staff of Ashenzari's Portent (weapon) {Fly rElec rN+ Stlth+ Summ Air, Cun, Sorc}
   (You found it on level 3 of the Elven Halls)

   [staff of air]

   Base accuracy: +5 Base damage: 5 Base attack delay: 1.2 This weapon's minimum
   attack delay (0.6) is reached at skill level 12.
   rElec:     It insulates you from electricity.
   rN+:       It protects you from negative energy.
   Fly:       It grants you flight.
   Stlth+:    It makes you more stealthy.
   Summ:      It increases the power of your Summonings spells.
   Air:       It increases the power of your Air spells.
   It falls into the 'Staves' category.
   It is a one-handed weapon.
   It has a curse which improves the following skills: Cunning: Dodging and
   Stealth.
   Sorcery:   Conjurations and Alchemy.
Jewellery
 a - the cursed ring of Ashenzari's Urgency (left hand) {Int+6, Fort, Sorc}
   (You found it on level 2 of the Vaults)

   [ring of intelligence]

   Int+6:     It affects your intelligence (+6).
   It has a curse which improves the following skills: Fortitude: Armour and
   Shields.
   Sorcery:   Conjurations and Alchemy.
 i - a +4 ring of protection
 j - a ring of fire
 m - the cursed amulet of the Four Winds (around neck) {rN+ Will+++ Clar, Sorc, Bglg}
   (You found it in a Gauntlet)

   [amulet of nothing]

   rN+:       It protects you from negative energy.
   Will+++:   It greatly increases your willpower.
   Clar:      It protects you from confusion, rage, mesmerisation and fear.
   It has a curse which improves the following skills: Sorcery: Conjurations and
   Alchemy.
   Beguiling: Hexes and Translocations.
 N - an amulet of magic regeneration
 S - the ring of Ryudoff {rElec Will+ Slay+4}
   (You found it on level 5 of the Pits of Slime)

   [ring of slaying]

   Slay+4:    It affects your accuracy & damage with ranged weapons and melee
   (+4).
   rElec:     It insulates you from electricity.
   Will+:     It increases your willpower.
 W - the cursed ring of the Oracular Servitude (right hand) {Wiz, Dev, Comp}
   (You found it on level 2 of the Lair of Beasts)

   [ring of wizardry]

   Wiz:       It improves your spell success rate.
   It has a curse which improves the following skills: Devices: Evocations and
   Shapeshifting.
   Companions: Summonings and Necromancy.
Wands
 b - a wand of acid (18)
 w - a wand of mindburst (41)
 D - a wand of digging (13)
 I - a wand of flame (84)
 Q - a wand of charming (44)
 R - a wand of iceblast (12)
 T - a wand of polymorph (52)
Scrolls
 c - 11 scrolls of poison
 e - 4 scrolls of fog
 g - 7 scrolls of fear
 t - 16 scrolls of teleportation
 B - 10 scrolls of blinking
 C - 3 scrolls of revelation
 H - a scroll of enchant armour
 J - 5 scrolls of silence
 O - 3 scrolls of butterflies
 V - 7 scrolls of immolation
Potions
 d - 12 potions of might
 h - 7 potions of haste
 l - 11 potions of heal wounds
 n - 6 potions of resistance
 p - 11 potions of ambrosia
 q - 17 potions of curing
 s - 6 potions of berserk rage
 u - 5 potions of invisibility
 x - 12 potions of enlightenment
 A - 4 potions of mutation
 F - 7 potions of attraction
 K - 10 potions of lignification
 L - 2 potions of magic
 M - 11 potions of cancellation
 P - 2 potions of brilliance
Miscellaneous
 f - a tin of tremorstones (2/2)
 z - a box of beasts
 U - a phial of floods


   Skills:
 + Level 20.2(23.4) Fighting
 + Level 19.3(21.5) Short Blades
 + Level 19.3(21.5) Long Blades
 + Level 19.3(21.5) Axes
 + Level 20.2(22.3) Maces & Flails
 + Level 19.3(21.5) Polearms
 + Level 19.3(21.5) Staves
 + Level 19.3 Ranged Weapons
 + Level 19.3 Throwing
 + Level 19.3(24.7) Armour
 + Level 22.4(24.5) Dodging
 + Level 19.3(21.5) Stealth
 + Level 22.3(27) Shields
 + Level 19.3(21.5) Unarmed Combat
 + Level 19.5(22.8) Spellcasting
 + Level 16.5(23.0) Conjurations
 + Level 16.5(19.9) Hexes
 + Level 16.5(18.8) Summonings
 + Level 16.5(18.8) Necromancy
 + Level 16.5(19.9) Translocations
 + Level 17.2(21.8) Fire Magic
 + Level 16.5(21.0) Ice Magic
 + Level 16.5(21.0) Air Magic
 + Level 16.5(21.0) Earth Magic
 + Level 16.5(23.0) Alchemy
 + Level 20.8 Invocations
 + Level 19.3(21.5) Evocations
 + Level 17.8(20.1) Shapeshifting


You had 5 spell levels left.
You knew the following spells:

 Your Spells              Type           Power      Damage    Failure   Level
a - Plasma Beam           Fire/Air       61%        2x1d77    0%          6
b - Borgnjor's Vile Clut  Necr/Erth      48%        N/A       0%          5
c - Chain Lightning       Conj/Air       62%        3d82      2%          9
d - Death Channel         Necr           47%        N/A       0%          6
g - Ignition              Fire           50%        3d14      1%          8
h - Haunt                 Necr/Summ      58%        N/A       1%          7
i - Irradiate             Conj/Alch      51%        3d28      0%          5
m - Maxwell's Capacitive  Air            61%        ∞         1%          8
s - Spellforged Servitor  Conj/Summ      60%        N/A       1%          7
y - Yara's Violent Unrav  Hex/Alch       50%        3d19      0%          5

Your spell library contained the following spells:

 Spells                   Type           Power      Damage    Failure   Level
 Apportation              Tloc           100%       N/A       0%          1
 Freeze                   Ice            100%       1d10      0%          1
 Magic Dart               Conj           100%       1d8       0%          1
 Necrotise                Necr           100%       1d9       0%          1
 Sandblast                Erth           100%       2d20      0%          1
 Shock                    Conj/Air       100%       1d9       0%          1
 Slow                     Hex            100%       N/A       0%          1
 Sting                    Conj/Alch      100%       1d9       0%          1
 Summon Small Mammal      Summ           100%       N/A       0%          1
 Blink                    Tloc           100%       N/A       0%          2
 Call Imp                 Summ           100%       N/A       0%          2
 Cigotuvi's Dreadful Rot  Necr/Alch/Air  100%       N/A       0%          2
 Jinxbite                 Hex            100%       N/A       0%          2
 Lesser Beckoning         Tloc           100%       N/A       0%          2
 Mercury Vapours          Alch/Air       100%       N/A       0%          2
 Scorch                   Fire           100%       2d9       0%          2
 Sublimation of Blood     Necr           94%        N/A       0%          2
 Call Canine Familiar     Summ           100%       N/A       0%          3
 Confusing Touch          Hex            97%        N/A       0%          3
 Frozen Ramparts          Ice            100%       1d16      0%          3
 Fugue of the Fallen      Necr           94%        N/A       0%          3
 Gell's Gravitas          Tloc           97%        N/A       0%          3
 Hailstorm                Conj/Ice       100%       3d16      0%          3
 Ozocubu's Armour         Ice            99%        N/A       0%          3
 Passwall                 Erth           99%        N/A       0%          3
 Sigil of Binding         Hex            97%        N/A       0%          3
 Stone Arrow              Conj/Erth      100%       3d13      0%          3
 Teleport Other           Tloc           97%        N/A       0%          3
 Tukima's Dance           Hex            97%        N/A       0%          3
 Vampiric Draining        Necr           94%        2d12      0%          3
 Animate Dead             Necr           94%        N/A       0%          4
 Brom's Barrelling Bould  Conj/Erth      100%       2d11      0%          4
 Dimensional Bullseye     Hex/Tloc       48%        N/A       0%          4
 Dispel Undead            Necr           94%        3d30      0%          4
 Ignite Poison            Fire/Alch      100%       N/A       0%          4
 Iskenderun's Mystic Bla  Conj/Tloc      100%       2d19      0%          4
 Manifold Assault         Tloc           97%        N/A       0%          4
 Martyr's Knell           Necr/Summ      100%       N/A       0%          4
 Olgreb's Toxic Radiance  Alch           100%       N/A       0%          4
 Passage of Golubria      Tloc           97%        N/A       0%          4
 Petrify                  Alch/Erth      100%       N/A       0%          4
 Sticky Flame             Fire/Alch      100%       2d15      0%          4
 Vhi's Electric Charge    Tloc/Air       100%       N/A       0%          4
 Alistair's Intoxication  Alch           68%        N/A       0%          5
 Arcjolt                  Conj/Air       62%        1d72      0%          5
 Fireball                 Conj/Fire      51%        3d20      0%          5
 Freezing Cloud           Conj/Ice/Air   61%        6-21      0%          5
 Metabolic Englaciation   Hex/Ice        49%        N/A       0%          5
 Silence                  Hex/Air        60%        N/A       0%          5
 Conjure Ball Lightning   Conj/Air       62%        3x3d22    0%          6
 Dispersal                Tloc           48%        N/A       0%          6
 Sculpt Simulacrum        Ice/Alch       50%        N/A       0%          6
 Monstrous Menagerie      Summ           58%        N/A       1%          7
 Discord                  Hex            48%        N/A       1%          8
 Disjunction              Tloc           48%        N/A       1%          8
 Fire Storm               Conj/Fire      51%        8d13      1%          9
 Shatter                  Erth           49%        3d38*     3%          9


Dungeon Overview and Level Annotations

Branches:
Dungeon (15/15)            Temple (1/1) D:6            Lair (5/5) D:9
  Swamp (4/4) Lair:2       Spider (4/4) Lair:2        Slime (5/5) Lair:4
    Orc (2/2) D:12            Elf (3/3) Orc:2        Vaults (5/5) D:13
  Crypt (3/3) Vaults:2       Tomb (0/3) Crypt:3      Depths (4/4) D:15
    Zot (5/5) Depths:4    Gauntlet (visited)

Altars:
Ashenzari
Cheibriados
Dithmenos
Elyvilon
Fedhas
Gozag
Hepliaklqana
Kikubaaqudgha
Makhleb
Nemelex Xobeh
Okawaru
Qazlal
Ru
Sif Muna
Trog
Uskayaw
Vehumet
Wu Jian
Xom
Yredelemnul
Zin
The Shining One
Beogh
Jiyva
Lugonu

Shops:
D:4 :   D:15 (   Orc:2 :*:[(   Elf:2 *   Vaults:1 ((!   Vaults:3 :

Portals:
Hell: Depths:1 Depths:2 Depths:3 Depths:4
Abyss: Lair:5 Depths:3
Pandemonium: Depths:1 Depths:2
Ziggurat: Depths:3
Trove: Depths:2 (give +4 fire dragon scales)

Annotations:
D:8 3 runed translucent doors, bmj180's ghost, novice HuCj
D:14 2 transporters, Dysawode's ghost, journeyman FoFi
Lair:1 - distortion ghost good loot
Swamp:4 Roxanne
Elf:2 3 runed translucent doors
Vaults:1 6 runed translucent doors
Depths:1 Boris


Innate Abilities, Weirdness & Mutations

You have very sharp teeth.
Your uncanny sense of smell can sniff out nearby items.
Your experience applies equally to all skills.
You are partially covered in iridescent scales. (AC +2)
Your natural rate of healing is unusually fast.
You are vulnerable to heat. (rF-)
Your spells are a little easier to cast, but a little less powerful.
You passively dampen the noise of your surroundings.


Message History

Unknown command.
(D) Dungeon (T) Temple (L) Lair (S) Swamp (N) Spider Nest (M) Slime Pits (O) Orcish Mines (E) Elven Halls (V) Vaults (C) Crypt (W) Tomb (U) Depths (H) Hell (Z) Zot
Where to? (Tab/Enter - D:1 @ (x,y), ? - help)
Things that are here:
a +0 chain mail; a +2 short sword of freezing; the elf skeleton of Duvessa
There is a stone staircase leading up, spattered with blood here.
You fly upwards.
There is a stone staircase leading down here.
HP restored.
A daeva comes into view.
It is wielding a +5 scimitar of holy wrath.
Health restored: 236 You regained 12 mp, and now have 30/59 mp.
Danger!
Unknown command.
You feel a surge of power! Lightning arcs from your hands!
The bolt of lightning hits the daeva!!!!!
You kill the daeva!
The bolt of lightning hits you but does no damage.
Unknown command.
You now have 22/59 mp.
Unknown command.
There is a stone staircase leading up here.
Unknown command.
(D) Dungeon (T) Temple (L) Lair (S) Swamp (N) Spider Nest (M) Slime Pits (O) Orcish Mines (E) Elven Halls (V) Vaults (C) Crypt (W) Tomb (U) Depths (H) Hell (Z) Zot
Where to? (Tab/Enter - D:1 @ (x,y), ? - help)
You fly upwards.
There is a stone staircase leading down here.
There is a stone staircase leading up here.
You fly upwards.
There is a stone staircase leading down here.
There is an open door here.
There is a staircase leading out of the dungeon here.
You regained 14 mp, and now have 37/59 mp.
You have escaped!

.#.....)..####.##.....#.#.# #....
.##.##....# #.........#.#.#######
.....#....###.###.....#.#........
....##....##..# ###.###.#########
....########'######.# #.........#
....# #...#~~≈≈#.# #.#######.#
....# #.#.#~##≈#.# #.#######.#
....# #.###~~~≈#.# #.......#.#
....# #.~~#~#@≈'.# #.#####.#.#
....########~#~#~~#.###.# #.#.#
.........###~#~##≈#..##.#####.†.#
########.'.~#~#~~≈##.##.....#.###
#############.##.###.#.#
#....#.#.### ####.#.#.# #.#...#
#..>###


There were no monsters in sight!

Vanquished Creatures
  the Royal Jelly (Slime:5)
  4 dread liches
  3 ancient liches
  3 orbs of fire (Zot:5)
  A juggernaut (Depths:4)
  4 Killer Klowns (Zot:5)
  A curse toe (Zot:5)
  Jory (Vaults:2)
  Norris (Vaults:2)
  7 golden dragons
  The ghost of Qotsoore the Warrior, an adept DsFi of Okawaru (Vaults:1)
  3 bone dragons
  2 electric golems (Zot:5)
  2 walking crystal tomes (Depths:2)
  11 tentacled monstrosities
  2 Hell Sentinels
  A shard shrike skeleton (Crypt:1)
  Mlioglotl (Swamp:2)
  6 titans (Vaults:5)
  A deep elf blademaster (Elf:2)
  8 sphinxes
  4 quicksilver dragons
  10 acid blobs
  5 liches
  27 Orb Guardians
  A walking divine tome (Depths:2)
  3 ancient champions
  2 deep elf master archers (Elf:3)
  Frances (D:12)
  An Executioner (Zot:5)
  Agnes (Spider:4)
  Donald (Elf:3)
  2 death cobs
  Kirke (D:12)
  3 tengu reavers (Vaults:5)
  A rockslime (Slime:2)
  6 storm dragons
  3 revenants
  6 draconian monks
  A thorn hunter (Swamp:3)
  3 protean progenitors
  3 shadow dragons
  4 draconian knights
  A daeva (D:3)
  3 fire giants
  7 frost giants
  26 vault wardens
  8 deep elf sorcerers
  3 ghost moths
  2 emperor scorpions (Spider:4)
  3 curse skulls
  8 azure jellies (Slime:5)
  A balrug (Depths:4)
  A draconian scorcher (Zot:2)
  Louise (Spider:1)
  A draconian shifter (Zot:2)
  3 deep elf elementalists (Elf:3)
  6 orc warlords
  18 ironbound preservers
  A spriggan defender (Depths:2)
  3 ghouls (Crypt:1)
  11 quicksilver oozes
  A caustic shrike skeleton (Crypt:1)
  13 stone giants
  8 ironbound thunderhulks
  3 very ugly things
  2 broodmothers (Spider:1)
  2 green draconians
  4 formless jellyfish
  5 draconian annihilators
  A vampire knight (Depths:4)
  7 deep elf demonologists
  Nessos (D:12)
  8 deep elf death magi
  5 red draconians
  7 deep elf annihilators
  4 dire elephants
  7 white draconians
  9 black draconians
  10 yellow draconians
  2 spark wasps (Depths:4)
  4 purple draconians
  2 bunyips
  4 eidola
  Snorg (Orc:2)
  A green death (Swamp:4)
  A shambling mangrove (Swamp:3)
  12 ettins
  4 fire dragons
  Josephine (D:11)
  4 deep elf high priests
  The ghost of Calas the Carver, a journeyman MiMo of Ru (Lair:1)
  11 jiangshi
  10 yaktaur captains
  An entropy weaver (shapeshifter) (Elf:3)
  5 great orbs of eyes
  4 rakshasas
  8 entropy weavers
  Fannar (Lair:3)
  10 alligators
  2 ghost crabs (Swamp:4)
  A peacekeeper (Vaults:2)
  35 vault guards
  2 spriggan air magi (Depths:2)
  6 ice dragons
  3 spriggan skeletons (Crypt:2)
  10 centaur warriors
  6 hydras
  2 jorogumos
  4 radroaches
  2 catoblepae
  7 ironbound frosthearts
  A fenstrider witch skeleton (Crypt:2)
  7 two-headed ogres
  4 death knights
  5 tengu warriors
  5 boulder beetles
  A deep troll shaman (Depths:4)
  Urug (D:10)
  16 dancing weapons
  A hell hog (Zot:3)
  4 demonic crawlers
  12 vampire magi
  3 thrashing horrors (Lair:5)
  3 deep troll earth magi
  An occultist (D:15)
  2 death yaks (Gauntlet)
  2 orc high priests
  4 spriggan berserkers
  Nergalle (D:11)
  15 deep elf knights
  2 soul eaters
  4 titan skeletons
  7 hell knights
  A sun demon (Depths:2)
  38 skeletal warriors
  Amaemon (Lair:2)
  An iron troll (Depths:1)
  5 skysharks
  2 pharaoh ants (Spider:1)
  2 shadow demons
  7 goliath frogs
  2 sun moths
  2 mana vipers (shapeshifter)
  32 deep trolls
  5 shadow wraiths
  8 orb spiders
  2 spriggan riders (Swamp:2)
  10 phantasmal warriors
  3 spriggan druids
  2 glowing orange brains
  4 swamp dragons
  3 bunyip skeletons
  A snapping turtle (shapeshifter) (Vaults:5)
  10 lindwurms
  3 flayed ghosts
  A sun moth (shapeshifter) (Vaults:5)
  14 deep elf archers
  12 bog bodies
  A swamp dragon (shapeshifter) (Vaults:5)
  8 arcanists
  20 ironbound convokers
  7 steelbarb worms
  2 steelbarb worms (shapeshifter) (Vaults:5)
  23 deep elf pyromancers
  7 necromancers
  23 deep elf zephyrmancers
  A lindwurm (shapeshifter) (Vaults:5)
  23 orc knights
  4 harpies (Vaults:1)
  An alligator zombie (Swamp:4)
  3 anaconda skeletons
  A sphinx simulacrum (Depths:1)
  A shadow dragon skeleton (Crypt:2)
  A fire giant zombie (Vaults:1)
  A frost giant zombie (Depths:1)
  10 cyclopes
  7 shining eyes
  4 orc sorcerers
  16 wolf spiders
  3 tengu skeletons
  23 ugly things
  2 manticores
  A human zombie (Vaults:1)
  2 centaur zombies
  21 moths of wrath
  3 meliai (D:15)
  6 human skeletons
  A kobold blastminer (Orc:1)
  An iron dragon skeleton (Crypt:2)
  A jorogumo skeleton (Crypt:2)
  A black mamba (shapeshifter) (Elf:3)
  16 elephants
  4 large abominations (Elf:1)
  3 smoke demons
  A moth of wrath (shapeshifter) (Vaults:1)
  23 vault sentinels
  A formless jellyfish zombie (Crypt:3)
  5 torpor snails
  A frost giant skeleton (Crypt:3)
  4 eyes of devastation
  6 black mambas
  2 orange demons
  4 gargoyles
  A cane toad (shapeshifter) (Elf:3)
  4 cane toads
  A kobold demonologist (D:12)
  An unseen horror (D:11)
  5 centaur skeletons
  10 freezing wraiths
  2 minotaur zombies
  38 yaktaurs
  Jeremiah (D:6)
  3 dire elephant skeletons (Crypt:2)
  A white draconian zombie (Crypt:3)
  A hellion (Depths:2)
  A rime drake (Lair:4)
  An alligator snapping turtle skeleton (Crypt:2)
  2 elf skeletons (Vaults:2)
  2 naga skeletons (Crypt:2)
  2 tengu conjurers
  9 komodo dragons
  A yaktaur skeleton (Vaults:2)
  2 bunyip simulacra (Crypt:3)
  A black draconian skeleton (Crypt:1)
  A white draconian skeleton (Crypt:1)
  3 bloated husks
  8 trolls
  2 tyrant leeches (Swamp:3)
  An alligator simulacrum (Spider:1)
  2 polar bears
  25 tarantellas
  7 hornets
  14 blink frogs
  5 glass eyes
  3 harpy skeletons (Crypt:2)
  4 dream sheep (Lair:5)
  A human simulacrum (Vaults:1)
  A raiju (Lair:5)
  3 shadows
  An air elemental (Elf:1)
  A centaur simulacrum (D:15)
  10 culicivoras
  A vampire (D:14)
  An ettin skeleton (Vaults:2)
  60 slime creatures
  15 jumping spiders
  3 ynoxinuls
  3 water elementals
  13 wraiths
  11 spriggans
  4 wyverns
  A black mamba skeleton (Crypt:1)
  A dire elephant simulacrum (Spider:1)
  6 basilisks
  21 fire elementals
  52 yaks
  4 golden eyes (Slime:3)
  2 hogs (D:12)
  A steam dragon (D:10)
  6 wargs
  17 vampire mosquitoes
  3 minotaur simulacra (Spider:1)
  32 redbacks
  A yaktaur simulacrum (Vaults:1)
  Grum (D:10)
  A glowing shapeshifter zombie (Vaults:1)
  6 small abominations
  10 swamp worms
  An acid dragon (D:7)
  Duvessa (D:4)
  A faun zombie (Crypt:3)
  A two-headed ogre zombie (Orc:2)
  2 glowing shapeshifter skeletons (Vaults:2)
  10 water moccasins
  An ogre skeleton (Vaults:2)
  24 orc warriors
  A hornet zombie (Swamp:3)
  20 laughing skulls
  4 ice beasts
  A lindwurm zombie (Crypt:3)
  A sky beast (D:8)
  A black bear (D:5)
  A snapping turtle zombie (Crypt:2)
  9 ogres
  23 wolves
  8 centaurs
  A swamp dragon skeleton (Crypt:2)
  A phantom (D:7)
  2 kobold brigands
  10 bullfrogs
  An earth elemental (Elf:2)
  3 gnoll sergeants
  3 deep troll simulacra (Spider:1)
  A scorpion (D:6)
  A draconian skeleton (Crypt:2)
  11 wights
  Dowan (D:4)
  4 killer bees (D:10)
  An electric eel (Spider:4)
  3 vampire bats (D:4)
  A wolf zombie (Crypt:2)
  5 howler monkeys
  A crimson imp (D:15)
  2 gnoll boudas
  11 orc priests
  An iguana (D:6)
  Terence (D:2)
  22 orc wizards
  An acid dragon zombie (Crypt:2)
  A crocodile zombie (Crypt:2)
  A boggart simulacrum (D:15)
  A howler monkey zombie (D:13)
  19 gnolls
  4 adders
  A swamp drake skeleton (Crypt:3)
  2 shadow imps
  A white imp (D:6)
  6 dart slugs
  57 orcs
  7 ball pythons
  6 bats
  A bat skeleton (D:4)
  5 bat zombies (D:4)
  2 endoplasms
  2 giant cockroaches
  12 goblins
  10 hobgoblins
  5 quokkas
  A ball python skeleton (Crypt:3)
  2 frilled lizards (D:1)
  A frilled lizard skeleton (Crypt:3)
  16 kobolds
  3 orc zombies (Orc:2)
  2 rats
  A rat skeleton (Crypt:1)
  2 river rat skeletons
  3 aspiring fleshes
1924 creatures vanquished.

Vanquished Creatures (collateral kills)
  2 dread liches
  Mara (Spider:4)
  Xtahua (Vaults:4)
  Sojobo (Vaults:5)
  A curse toe (Zot:4)
  2 golden dragons
  Nikola (Elf:3)
  Arachne (Spider:2)
  A lich (Vaults:5)
  Jorgrun (Spider:3)
  6 tentacled monstrosities
  3 titans (Vaults:5)
  An Orb Guardian (Zot:5)
  A deep elf blademaster (Elf:3)
  A sphinx (Vaults:3)
  A death cob (Zot:3)
  5 acid blobs (Slime:5)
  4 storm dragons
  5 tengu reavers
  A protean progenitor (Zot:2)
  A shadow dragon (Depths:4)
  5 rockslimes
  6 vault wardens
  3 draconian shifters
  4 emperor scorpions (Spider:4)
  2 fire giants
  A deep elf sorcerer (Elf:1)
  A draconian scorcher (Zot:2)
  2 frost giants
  4 draconian knights
  A draconian stormcaller (Depths:4)
  An orc warlord (Orc:1)
  A quicksilver ooze (Slime:5)
  3 ironbound preservers
  5 very ugly things
  4 stone giants
  A black draconian (Zot:3)
  A formless jellyfish (Slime:3)
  3 green draconians
  3 bunyips
  2 yellow draconians
  A red draconian (Zot:5)
  2 white draconians
  A purple draconian (Zot:3)
  2 spark wasps (Depths:4)
  3 dire elephants (Vaults:4)
  A minotaur (Gauntlet)
  2 ettins
  A crystal guardian (Vaults:2)
  A green death (Swamp:4)
  A fire dragon (Zot:3)
  4 great orbs of eyes
  2 yaktaur captains (Vaults:3)
  2 ice dragons
  A vault guard (Vaults:4)
  6 hydras
  2 alligators
  An ogre mage (Orc:2)
  3 ghost crabs
  2 spriggan air magi
  A two-headed ogre (shapeshifter) (Elf:1)
  2 centaur warriors (Vaults:4)
  A two-headed ogre (Orc:2)
  3 deep troll earth magi
  3 dancing weapons
  4 deep elf knights (Elf:1)
  A hell knight (Depths:3)
  A sun demon (Depths:2)
  4 skysharks
  2 iron trolls (Depths:2)
  5 deep trolls
  3 swamp dragons (Swamp:4)
  3 pharaoh ants (Spider:3)
  An arcanist (Vaults:4)
  A glowing orange brain (Depths:2)
  5 bog bodies
  A deep elf archer (Elf:2)
  3 deep elf zephyrmancers (Elf:1)
  A harpy (Vaults:1)
  3 ironbound convokers
  5 ugly things
  An orc knight (Elf:1)
  2 steelbarb worms
  A shining eye (Slime:5)
  3 will-o-the-wisps
  2 deep elf pyromancers
  5 wolf spiders
  A moth of wrath (shapeshifter) (Elf:1)
  An orc sorcerer (D:15)
  3 elephants (Lair:4)
  A frost giant skeleton (Vaults:1)
  6 moths of wrath
  A vault sentinel (Vaults:4)
  2 cane toads (Lair:3)
  A torpor snail (Spider:3)
  A torpor snail (shapeshifter) (Depths:1)
  An eye of devastation (shapeshifter) (Vaults:5)
  An orange demon (Swamp:4)
  A komodo dragon (shapeshifter) (Lair:5)
  2 large abominations (Lair:5)
  2 yaktaurs
  A komodo dragon (D:10)
  2 trolls (D:12)
  A polar bear (Lair:3)
  5 hornets (Swamp:3)
  12 blink frogs
  5 tarantellas
  5 tyrant leeches
  3 dream sheep (Lair:5)
  3 glass eyes (Slime:3)
  4 jumping spiders
  An air elemental (Elf:2)
  5 culicivoras
  14 slime creatures
  A shadow (Swamp:4)
  2 small abominations
  9 yaks
  6 spriggans
  2 fire elementals
  2 wraiths (D:11)
  2 ynoxinuls (Lair:5)
  4 hogs (D:12)
  10 redbacks
  3 swamp worms
  2 orc warriors (Orc:2)
  An ogre (Orc:2)
  A boggart (shapeshifter) (Lair:5)
  An earth elemental (Elf:3)
  2 elf zombies (Elf:1)
  2 bullfrogs (Lair:3)
  A killer bee (D:10)
  A howler monkey (D:10)
  2 orc priests (Orc:2)
  2 orc wizards (Orc:1)
  3 gnolls
  4 orcs
347 creatures vanquished.

Vanquished Creatures (others)
  A golden dragon (Zot:5)
  A storm dragon (Zot:2)
  A deep elf sorcerer (Elf:3)
  A fire giant (Depths:2)
  A black draconian (Zot:2)
  An ice dragon (Depths:2)
  An alligator (Swamp:4)
  A deep elf knight (Elf:1)
  A bunyip zombie (Swamp:1)
  4 ugly thing zombies
  2 goliath frog zombies
  A wolf spider zombie (Spider:4)
  2 alligator zombies
  A human zombie (D:12)
  A moth of wrath (Zot:2)
  2 redback zombies (Spider:4)
  An orb spider zombie (Spider:3)
  A swamp worm zombie (Swamp:2)
  4 hydra zombies
  3 bloated husks
  2 hornets (Swamp:3)
  4 jumping spider zombies
  A culicivora zombie (Spider:3)
  A tarantella zombie (Spider:4)
  2 spriggans (Swamp:3)
  5 slime creature zombies
  A tyrant leech zombie (Swamp:3)
  A water elemental (Elf:3)
  A yak (Lair:1)
  3 two-headed ogre zombies
  A cane toad zombie (Lair:5)
  5 hornet zombies
  2 blink frog zombies (Lair:5)
  An elephant zombie (Lair:5)
  2 swamp dragon zombies
  A dream sheep zombie (Lair:5)
  A komodo dragon zombie (Lair:5)
  A torpor snail zombie (Lair:5)
  A cyclops zombie (D:12)
  A water moccasin zombie (Lair:5)
  2 warg zombies (Orc:2)
  7 spriggan zombies (Swamp:3)
  A raiju zombie (Lair:5)
  6 yak zombies
  A centaur zombie (D:12)
  4 ogre zombies (Orc:2)
  16 orc zombies
  7 kobold zombies
  57 foxfires
  2 starspawn tentacles (Swamp:2)
171 creatures vanquished.

Grand Total: 2442 creatures vanquished

Notes
Turn   | Place    | Note
-------+----------+-------------------------------------------
     0 | D:1      | HyperOdds the Gnoll Cinder Acolyte began the quest for the
                  | Orb.
     0 | D:1      | Reached XP level 1. HP: 23/23 MP: 4/4
   152 | D:1      | Reached XP level 2. HP: 21/29 MP: 5/5
   162 | D:1      | Learned a level 2 spell: Scorch
   442 | D:1      | Reached XP level 3. HP: 35/35 MP: 4/7
   744 | D:1      | Reached skill level 1 in Invocations
   889 | D:1      | Reached skill level 1 in Short Blades
   889 | D:1      | Reached skill level 1 in Long Blades
   889 | D:1      | Reached skill level 1 in Axes
   889 | D:1      | Reached skill level 1 in Polearms
   889 | D:1      | Reached skill level 1 in Staves
   889 | D:1      | Reached skill level 1 in Ranged Weapons
   889 | D:1      | Reached skill level 1 in Throwing
   889 | D:1      | Reached skill level 1 in Armour
   889 | D:1      | Reached skill level 1 in Dodging
   889 | D:1      | Reached skill level 1 in Stealth
   889 | D:1      | Reached skill level 1 in Shields
   889 | D:1      | Reached skill level 1 in Unarmed Combat
   889 | D:1      | Reached skill level 1 in Evocations
   968 | D:1      | Reached skill level 1 in Shapeshifting
   968 | D:1      | Reached XP level 4. HP: 41/41 MP: 3/8
  1269 | D:2      | Noticed Terence
  1295 | D:2      | Killed Terence
  1296 | D:2      | Reached skill level 1 in Conjurations
  1296 | D:2      | Reached skill level 1 in Hexes
  1296 | D:2      | Reached skill level 1 in Summonings
  1296 | D:2      | Reached skill level 1 in Necromancy
  1296 | D:2      | Reached skill level 1 in Translocations
  1296 | D:2      | Reached skill level 1 in Ice Magic
  1296 | D:2      | Reached skill level 1 in Air Magic
  1296 | D:2      | Reached skill level 1 in Earth Magic
  1296 | D:2      | Reached skill level 1 in Alchemy
  1631 | D:2      | Reached XP level 5. HP: 47/47 MP: 6/9
  1887 | D:2      | Found a faded altar of an unknown god.
  1892 | D:2      | Identified the +3 dagger "Killer Bee's Peril" {venom, rF-
                  | Str+6 SInv Stlth-}
  2448 | D:3      | Found an iron altar of Okawaru.
  2476 | D:3      | Found a shimmering altar of Xom.
  2534 | D:3      | Found a basalt altar of Yredelemnul.
  2838 | D:4      | Noticed Duvessa
  2838 | D:4      | Noticed Dowan
  3043 | D:4      | Reached XP level 6. HP: 49/53 MP: 0/11
  3292 | D:4      | Killed Duvessa
  3372 | D:4      | Killed Dowan
  3373 | D:4      | Reached XP level 7. HP: 60/60 MP: 5/12
  3467 | D:4      | Identified the +0 helmet of Pantheism {Harm *Corrode Int+4}
  3772 | D:4      | Found a shimmering blue altar of Sif Muna.
  3922 | D:4      | Found an ancient bone altar of Kikubaaqudgha.
  4112 | D:4      | Found Amyseeb's Tremendous Tomes.
  4120 | D:4      | Upgraded the game from 0.32-a0-314-g526f7d4993 to
                  | 0.32-a0-328-gd8048dd28f
  4152 | D:5      | Entered Level 5 of the Dungeon
  4264 | D:5      | Identified the +8 flail "Nodoeph" {flame, rC++ rCorr}
  4342 | D:5      | Found a snail-covered altar of Cheibriados.
  4384 | D:5      | Reached XP level 8. HP: 67/67 MP: 6/14
  4465 | D:5      | Found a stormy altar of Qazlal.
  4501 | D:5      | Found an ornate altar of the Wu Jian Council.
  4701 | D:6      | Found a hide-covered altar of Uskayaw.
  4727 | D:6      | Noticed Jeremiah
  4943 | D:6      | Killed Jeremiah
  5669 | D:5      | Reached XP level 9. HP: 73/73 MP: 5/16
  5860 | D:6      | Reached skill level 5 in Spellcasting
  5926 | D:6      | Found a staircase to the Ecumenical Temple.
  5991 | Temple   | Entered the Ecumenical Temple
  6409 | D:7      | Found a burning altar of Makhleb.
  7345 | D:8      | Found a runed translucent gate.
  7345 | D:8      | Found a runed translucent gate.
  7358 | D:7      | Reached skill level 5 in Invocations
  7477 | D:8      | Found a runed translucent gate.
  7486 | D:8      | Noticed bmj180's ghost (novice HuCj)
  8087 | D:8      | Found a sacrificial altar of Ru.
  8299 | D:9      | Reached skill level 5 in Short Blades
  8299 | D:9      | Reached skill level 5 in Long Blades
  8299 | D:9      | Reached skill level 5 in Axes
  8299 | D:9      | Reached skill level 5 in Polearms
  8299 | D:9      | Reached skill level 5 in Staves
  8299 | D:9      | Reached skill level 5 in Ranged Weapons
  8299 | D:9      | Reached skill level 5 in Throwing
  8299 | D:9      | Reached skill level 5 in Armour
  8299 | D:9      | Reached skill level 5 in Dodging
  8299 | D:9      | Reached skill level 5 in Stealth
  8299 | D:9      | Reached skill level 5 in Shields
  8299 | D:9      | Reached skill level 5 in Unarmed Combat
  8299 | D:9      | Reached skill level 5 in Evocations
  8299 | D:9      | Reached XP level 10. HP: 58/81 MP: 6/18
  8691 | D:8      | Reached skill level 5 in Shapeshifting
  9308 | D:9      | Found a staircase to the Lair.
  9719 | Lair:1   | Entered Level 1 of the Lair of Beasts
  9746 | Lair:1   | Reached skill level 5 in Conjurations
  9746 | Lair:1   | Reached skill level 5 in Hexes
  9746 | Lair:1   | Reached skill level 5 in Summonings
  9746 | Lair:1   | Reached skill level 5 in Necromancy
  9746 | Lair:1   | Reached skill level 5 in Translocations
  9746 | Lair:1   | Reached skill level 5 in Ice Magic
  9746 | Lair:1   | Reached skill level 5 in Air Magic
  9746 | Lair:1   | Reached skill level 5 in Earth Magic
  9746 | Lair:1   | Reached skill level 5 in Alchemy
  9836 | Lair:1   | Reached XP level 11. HP: 89/89 MP: 16/21
 10190 | Lair:1   | Found a transporter.
 10192 | Lair:1   | Found a transporter.
 10197 | Lair:1   | Found a bloodstained altar of Trog.
 10197 | Lair:1   | Noticed a spriggan rider
 10207 | Lair:1   | Noticed a moth of wrath
 10207 | Lair:1   | Noticed Calas's ghost (journeyman MiMo)
 10209 | Lair:1   | Noticed a spriggan rider
 11743 | Lair:1   | Learned a level 4 spell: Animate Dead
 11749 | Lair:1   | Learned a level 5 spell: Borgnjor's Vile Clutch
 12071 | Lair:2   | Found a hole to the Spider Nest.
 12210 | Lair:2   | Found a staircase to the Swamp.
 12210 | Lair:2   | Noticed a bog body
 12214 | Lair:2   | Noticed a bog body
 12215 | Lair:2   | Killed a bog body
 12223 | Lair:2   | Killed a bog body
 12224 | Lair:2   | Reached XP level 12. HP: 83/97 MP: 12/23
 13052 | Lair:3   | Reached skill level 10 in Fighting
 13052 | Lair:3   | Reached skill level 10 in Maces & Flails
 13359 | Lair:3   | Noticed Fannar
 13365 | Lair:3   | Killed Fannar
 13788 | Lair:3   | Noticed Amaemon
 13877 | Lair:2   | Killed Amaemon
 14588 | Lair:4   | Noticed a boulder beetle
 14599 | Lair:4   | Killed a boulder beetle
 14600 | Lair:4   | Reached XP level 13. HP: 99/104 MP: 17/25
 15522 | Lair:4   | Found a viscous altar of Jiyva.
 15522 | Lair:4   | Found a staircase to the Slime Pits.
 15818 | D:10     | Entered Level 10 of the Dungeon
 15912 | D:10     | Noticed Urug
 15919 | D:10     | Killed Urug
 16095 | D:10     | Noticed Grum
 16102 | D:10     | Killed Grum
 16158 | D:10     | Found a shadowy altar of Dithmenos.
 16168 | D:10     | Found a radiant altar of Vehumet.
 16269 | D:10     | Identified the -1 cloak of the Present {rF+ Dex+3}
 17108 | Lair:4   | Upgraded the game from 0.32-a0-328-gd8048dd28f to
                  | 0.32-a0-350-g4f4d228785
 17121 | Lair:5   | Entered Level 5 of the Lair of Beasts
 17868 | Lair:5   | Reached skill level 10 in Invocations
 17868 | Lair:5   | Reached XP level 14. HP: 113/113 MP: 3/27
 18770 | Lair:5   | Identified the +2 leather armour of the Gnashing Gods
                  | {-Cast rPois rF++}
 19096 | Lair:5   | Reached skill level 10 in Spellcasting
 19509 | Lair:5   | Found a corrupted altar of Lugonu.
 19509 | Lair:5   | Found a one-way gate to the infinite horrors of the Abyss.
 20128 | D:9      | Learned a level 6 spell: Death Channel
 20221 | Temple   | Fell from the grace of Ignis
 20221 | Temple   | Became a worshipper of Ashenzari the Shackled
 20378 | D:11     | Noticed Nergalle
 20485 | D:11     | Killed Nergalle
 20606 | D:11     | Noticed Josephine
 20623 | D:11     | Killed Josephine
 22012 | D:12     | Noticed Kirke
 22191 | D:12     | Reached skill level 10 in Fire Magic
 22277 | D:12     | Noticed a sphinx
 22620 | D:12     | Killed Kirke
 22621 | D:12     | Reached skill level 10 in Short Blades
 22621 | D:12     | Reached skill level 10 in Long Blades
 22621 | D:12     | Reached skill level 10 in Axes
 22621 | D:12     | Reached skill level 10 in Polearms
 22621 | D:12     | Reached skill level 10 in Staves
 22621 | D:12     | Reached skill level 10 in Ranged Weapons
 22621 | D:12     | Reached skill level 10 in Throwing
 22621 | D:12     | Reached skill level 10 in Armour
 22621 | D:12     | Reached skill level 10 in Dodging
 22621 | D:12     | Reached skill level 10 in Stealth
 22621 | D:12     | Reached skill level 10 in Shields
 22621 | D:12     | Reached skill level 10 in Unarmed Combat
 22621 | D:12     | Reached skill level 10 in Evocations
 22784 | D:12     | Reached * piety under Ashenzari
 22795 | D:12     | Noticed Nessos
 22808 | D:12     | Your ally Kirke died
 23007 | D:12     | Reached XP level 15. HP: 91/120 MP: 5/29
 23078 | D:12     | Identified Sif Muna's Incunable of Arcane Weapons
 23078 | D:12     | Identified Sif Muna's Directory of Hexes
 23078 | D:12     | Identified Sif Muna's Papyrus of Glamour
 23078 | D:12     | Identified the +0 pair of gloves of Tempters {Will+}
 23489 | D:12     | Noticed Frances
 23516 | D:12     | Killed Frances
 23722 | D:12     | Killed Nessos
 24065 | D:12     | Found a staircase to the Orcish Mines.
 24077 | Orc:1    | Entered Level 1 of the Orcish Mines
 24466 | Orc:2    | Entered Level 2 of the Orcish Mines
 24483 | Orc:2    | Found a gate leading to a gauntlet.
 24486 | Orc:2    | Reached ** piety under Ashenzari
 24493 | Gauntlet | Entered a Gauntlet
 24493 | Gauntlet | Found a transporter.
 24493 | Gauntlet | Found a transporter.
 24512 | Gauntlet | Found a transporter.
 24527 | Gauntlet | Found a transporter.
 24535 | Gauntlet | Found a transporter.
 24539 | Gauntlet | Found a transporter.
 24545 | Gauntlet | Found a runed translucent gate.
 24547 | Gauntlet | Found a transporter.
 24548 | Gauntlet | Found a runed translucent gate.
 24549 | Gauntlet | Found a runed translucent gate.
 24562 | Gauntlet | Found the amulet of the Four Winds {rN+ Will+++ Clar}
 24564 | Gauntlet | Found a transporter.
 24566 | Gauntlet | Identified the +9 hand axe of Virtue {elec, *Noise rN+ MP+9
                  | Dex+2}
 24578 | Gauntlet | Found a transporter.
 24582 | Gauntlet | Found a transporter.
 24590 | Gauntlet | Found a transporter.
 24594 | Gauntlet | Found a transporter.
 25099 | Gauntlet | Identified the amulet of Esyshiots {RegenMP -Tele rF+ Str+7
                  | Int+3}
 25133 | Gauntlet | Learned a level 5 spell: Freezing Cloud
 25538 | Orc:2    | Noticed Snorg
 25552 | Orc:2    | Killed Snorg
 26045 | Orc:2    | Found a staircase to the Elven Halls.
 26071 | Orc:2    | Found Inounez's Book Shoppe.
 26075 | Orc:2    | Noticed an orc warlord
 26533 | Orc:2    | Found a roughly hewn altar of Beogh.
 26791 | Orc:1    | Noticed an orc warlord
 26898 | Orc:1    | Killed an orc warlord
 27259 | Orc:2    | Bought a Young Poisoner's Handbook for 300 gold pieces
 27264 | Orc:2    | Learned a level 4 spell: Olgreb's Toxic Radiance
 27269 | Orc:2    | Learned a level 4 spell: Ignite Poison
 27562 | Orc:2    | Found Doihes Oxoi's Book Shop.
 27648 | Orc:2    | Killed an orc warlord
 27866 | Orc:2    | Bought a book of Transmutation for 420 gold pieces
 27872 | Orc:2    | Learned a level 5 spell: Irradiate
 27881 | Orc:2    | Found Kotromal's Antique Armour Shop.
 27888 | Orc:2    | Bought the +3 hat of Pondering {ponderous, Will+ MP+10
                  | Int+5} for 1181 gold pieces
 27888 | Orc:2    | Found the +3 hat of Pondering {ponderous, Will+ MP+10
                  | Int+5}
 27955 | Orc:2    | Found Uxkabb's Antique Weapon Shop.
 27981 | Orc:2    | Reached *** piety under Ashenzari
 28019 | Orc:2    | Found Finasiu's General Store.
 28183 | Orc:2    | Bought an iridescent short sword for 216 gold pieces
 28183 | Orc:2    | Identified the +9 short sword of the Onslaught {flame,
                  | rPois Str+4} (You bought it in a shop on level 2 of the
                  | Orcish Mines)
 28201 | Orc:2    | Bought a pair of glowing gloves for 232 gold pieces
 28221 | Orc:2    | Bought a book of Lightning for 540 gold pieces
 28477 | D:13     | You fall into a shaft and drop 2 floors!
 28477 | D:15     | Entered Level 15 of the Dungeon
 28518 | D:14     | Found a transporter.
 28519 | D:14     | Identified the +4 great mace "Raisko" {freeze, rElec Dex+3}
 28519 | D:14     | Noticed a frost giant
 28521 | D:14     | Found a transporter.
 28521 | D:14     | Noticed a frost giant
 28521 | D:14     | Noticed Dysawode's ghost (journeyman FoFi)
 28772 | D:13     | Found a gate to the Vaults.
 29120 | D:13     | You fall into a shaft and drop 2 floors!
 29231 | D:13     | Reached **** piety under Ashenzari
 29434 | D:13     | You fall into a shaft and drop 1 floor!
 29434 | D:14     | Was forgiven by Ignis
 29720 | D:13     | Reached skill level 10 in Shapeshifting
 30243 | D:14     | Learned a level 6 spell: Plasma Beam
 30406 | D:14     | Reached XP level 16. HP: 134/134 MP: 26/33
 31985 | D:15     | Found a staircase to the Depths.
 32173 | D:15     | Reached XP level 17. HP: 140/140 MP: 34/34
 32176 | D:15     | Found Pylo Zug's Weapon Shop.
 32247 | D:15     | Found a blossoming altar of Fedhas.
 32550 | Lair:1   | Identified the +0 pair of gloves of Tempters {Will+}
 32614 | Lair:1   | Killed Calas's ghost
 32808 | Spider:1 | Entered Level 1 of the Spider Nest
 33057 | Spider:1 | Noticed Louise
 33063 | Spider:1 | Killed Louise
 35194 | Spider:2 | Reached skill level 10 in Conjurations
 35194 | Spider:2 | Reached skill level 10 in Hexes
 35194 | Spider:2 | Reached skill level 10 in Summonings
 35194 | Spider:2 | Reached skill level 10 in Necromancy
 35194 | Spider:2 | Reached skill level 10 in Translocations
 35194 | Spider:2 | Reached skill level 10 in Ice Magic
 35194 | Spider:2 | Reached skill level 10 in Air Magic
 35194 | Spider:2 | Reached skill level 10 in Earth Magic
 35194 | Spider:2 | Reached skill level 10 in Alchemy
 35214 | Spider:2 | Noticed Arachne
 35219 | Spider:2 | Killed Arachne
 35965 | Spider:3 | Noticed Jorgrun
 35971 | Spider:3 | Killed Jorgrun
 36249 | Spider:3 | Reached XP level 18. HP: 149/149 MP: 33/36
 37558 | Spider:4 | Entered Level 4 of the Spider Nest
 37952 | Spider:4 | Noticed Agnes
 37957 | Spider:4 | Killed Agnes
 37969 | Spider:4 | Noticed Mara
 37981 | Spider:4 | Noticed HyperOdds's illusion
 37990 | Spider:4 | Killed Mara
 38466 | Spider:4 | Identified the +0 robe of Fedhas's Pride {rCorr Str+6
                  | Dex-3}
 38666 | Spider:4 | Identified the scarf of Divine Compulsion {+Inv, Slay+5}
 38835 | Spider:4 | Got a gossamer rune of Zot
 39047 | Swamp:1  | Entered Level 1 of the Swamp
 39972 | Orc:2    | Bought Great Wizards, Vol. VII for 450 gold pieces
 39978 | Orc:2    | Learned a level 5 spell: Yara's Violent Unravelling
 40395 | Swamp:1  | Reached ***** piety under Ashenzari
 40656 | Swamp:2  | Noticed Mlioglotl
 40666 | Swamp:2  | Killed Mlioglotl
 41180 | Swamp:2  | Reached XP level 19. HP: 157/157 MP: 15/38
 42727 | Swamp:4  | Entered Level 4 of the Swamp
 43504 | Swamp:4  | Noticed Roxanne
 44000 | Swamp:4  | Noticed a tentacled monstrosity
 44018 | Swamp:4  | Killed a tentacled monstrosity
 44860 | Swamp:4  | Got a decaying rune of Zot
 45052 | Swamp:4  | Learned a level 8 spell: Ignition
 45325 | Elf:1    | Entered Level 1 of the Elven Halls
 45555 | Elf:1    | Reached ****** piety under Ashenzari
 45607 | Elf:1    | Paralysed by an air elemental for 1 turns
 45959 | Elf:1    | Found a shimmering blue altar of Sif Muna.
 46341 | Elf:1    | Identified the Precepts of Bodies
 46661 | Elf:1    | Reached XP level 20. HP: 143/170 MP: 17/40
 47236 | Elf:1    | Learned a level 7 spell: Haunt
 47254 | Elf:1    | Reached skill level 15 in Fighting
 47254 | Elf:1    | Reached skill level 15 in Maces & Flails
 47582 | Elf:1    | Found a roughly hewn altar of Beogh.
 47700 | Elf:1    | Found a corrupted altar of Lugonu.
 48245 | Elf:2    | Reached skill level 15 in Invocations
 48388 | Elf:2    | Found a runed translucent gate.
 48389 | Elf:2    | Found a runed translucent gate.
 48389 | Elf:2    | Found a runed translucent gate.
 48971 | Elf:2    | Paralysed by an air elemental for 1 turns
 49125 | Elf:2    | Found Naaf's Assorted Antiques.
 49133 | Elf:2    | Bought a scroll of blinking for 247 gold pieces
 49133 | Elf:2    | Bought a potion of haste for 330 gold pieces
 49840 | Elf:3    | Entered Level 3 of the Elven Halls
 49954 | Elf:3    | Noticed Donald
 49970 | Elf:3    | Killed Donald
 50099 | Elf:3    | Noticed Nikola
 50109 | Elf:3    | Killed Nikola
 51606 | Elf:3    | Reached XP level 21. HP: 183/183 MP: 29/44
 51610 | Elf:3    | Identified the +1 chain mail of Repulsion {rN+ Int+2}
 51610 | Elf:3    | Identified the ring of Toiroano {rPois rF- rC+ rN+ SInv}
 52162 | Elf:3    | Identified Sif Muna's Octavo of Seismic Invitation
 52162 | Elf:3    | Identified the staff of Ohal {Fly rElec rN+ Stlth+ Summ
                  | Air}
 52169 | Elf:3    | Identified the +0 quarterstaff of the Forging Bear {holy,
                  | rCorr}
 52169 | Elf:3    | Identified the +3 quarterstaff of Kismet {venom, rElec rF+
                  | Int-5}
 52169 | Elf:3    | Identified the Handbook of the Traveller and the Salamander
 52585 | Vaults:1 | Entered Level 1 of the Vaults
 52977 | Vaults:1 | Found a large runed translucent door.
 52977 | Vaults:1 | Found a large runed translucent door.
 52977 | Vaults:1 | Found a large runed translucent door.
 52977 | Vaults:1 | Found a large runed translucent door.
 52977 | Vaults:1 | Found a large runed translucent door.
 52977 | Vaults:1 | Found a large runed translucent door.
 52977 | Vaults:1 | Found a large runed translucent door.
 52977 | Vaults:1 | Found a large runed translucent door.
 52977 | Vaults:1 | Noticed Qotsoore's ghost (adept DsFi)
 53269 | Vaults:1 | Found Racitiycla's Antique Weapon Boutique.
 53299 | Vaults:1 | Found Lophoh's Distillery.
 53561 | Vaults:1 | Identified the +1 sling "Typtiavic" {heavy, MP+9 SInv}
 53772 | Vaults:1 | Found Poices's Weapon Boutique.
 53925 | Vaults:1 | Found Jiodil's Antique Armour Boutique.
 55731 | Vaults:2 | Identified the Incunabulum of Damage
 55963 | Vaults:2 | Reached skill level 15 in Spellcasting
 56134 | Vaults:2 | Noticed Jory
 56143 | Vaults:2 | Killed Jory
 56610 | Vaults:2 | Learned a level 7 spell: Spellforged Servitor
 57209 | Vaults:2 | Noticed Norris
 57213 | Vaults:2 | Killed Norris
 57392 | Vaults:2 | Identified the +3 leather armour of the King of the Hill
                  | {rPois}
 57699 | Vaults:2 | Reached skill level 15 in Short Blades
 57699 | Vaults:2 | Reached skill level 15 in Long Blades
 57699 | Vaults:2 | Reached skill level 15 in Axes
 57699 | Vaults:2 | Reached skill level 15 in Polearms
 57699 | Vaults:2 | Reached skill level 15 in Staves
 57699 | Vaults:2 | Reached skill level 15 in Ranged Weapons
 57699 | Vaults:2 | Reached skill level 15 in Throwing
 57699 | Vaults:2 | Reached skill level 15 in Armour
 57699 | Vaults:2 | Reached skill level 15 in Dodging
 57699 | Vaults:2 | Reached skill level 15 in Stealth
 57699 | Vaults:2 | Reached skill level 15 in Shields
 57699 | Vaults:2 | Reached skill level 15 in Unarmed Combat
 57699 | Vaults:2 | Reached skill level 15 in Evocations
 58000 | Vaults:2 | Reached XP level 22. HP: 169/185 MP: 35/43
 58454 | Vaults:2 | Found a staircase to the Crypt.
 59507 | Vaults:3 | Paralysed by a formless jellyfish for 1 turns
 60877 | Vaults:3 | Found Emahacon's Book Emporium.
 61363 | Orc:2    | Bought a manual of Shields for 1200 gold pieces
 61482 | Vaults:1 | Killed Qotsoore's ghost
 61630 | Vaults:3 | Identified a scroll of acquirement
 62639 | Vaults:4 | Noticed Xtahua
 62649 | Vaults:4 | Killed Xtahua
 63265 | Vaults:4 | Identified the +5 plate armour "Mycirgh" {rElec rPois rN+}
 63508 | Vaults:4 | Reached XP level 23. HP: 179/192 MP: 32/44
 64413 | Vaults:4 | Acquired the +2 hat of the Haunted God {^Drain rPois Regen+
                  | Str+7}
 64731 | Vaults:4 | Identified the +3 scale mail "Lourchye" {Will+ Int-5
                  | Stlth+}
 65506 | Depths:1 | Entered Level 1 of the Depths
 66128 | Depths:1 | Identified the +4 robe "Biapraol" {Rampage +Blink Regen+}
 66128 | Depths:1 | Noticed Boris
 66337 | Depths:1 | Found a one-way gate leading to the halls of Pandemonium.
 66366 | Depths:1 | Found a gateway to Hell.
 67059 | Depths:2 | Identified the +6 short sword "Tukipt" {flame, +Blink
                  | Stlth+}
 67074 | Depths:2 | Found a portal to a secret trove of treasure.
 68196 | Depths:2 | Reached skill level 15 in Shapeshifting
 68252 | Depths:2 | Identified the +5 scale mail of Buown {rF- Dex+5}
 68942 | Depths:3 | Found a one-way gateway to a ziggurat.
 69577 | Depths:3 | Reached XP level 24. HP: 203/203 MP: 22/45
 70187 | Depths:3 | Found a shadowy altar of Dithmenos.
 70447 | Depths:4 | Entered Level 4 of the Depths
 70482 | Depths:4 | Noticed a juggernaut
 70488 | Depths:4 | Killed a juggernaut
 70660 | Depths:4 | Identified Ilinorah's Book of Vapour and the Hornet
 70882 | Depths:4 | Identified the +1 chain mail "Zuism" {rN+}
 70884 | Depths:4 | Reached skill level 15 in Fire Magic
 70976 | Depths:4 | Found a gate to the Realm of Zot.
 71580 | Depths:4 | Found a basalt altar of Yredelemnul.
 71957 | Vaults:5 | Entered Level 5 of the Vaults
 72245 | Vaults:5 | Noticed Sojobo
 72250 | Vaults:5 | Killed Sojobo
 72528 | Vaults:5 | Identified the Volume of the Wispy Tundra
 72626 | Vaults:5 | Identified the ring of Umyafef {rC+ rCorr Str+3 Int-2}
 73142 | Vaults:5 | Identified the +6 plate armour "Temihawn" {Harm Rampage
                  | rC+}
 73354 | Vaults:5 | Reached XP level 25. HP: 212/212 MP: 23/46
 73375 | Vaults:5 | Noticed a dread lich
 73461 | Vaults:5 | Killed a dread lich
 73592 | Vaults:5 | Identified the +3 chain mail of the Sun {Int+5}
 74530 | Vaults:5 | Identified the +9 morningstar of Spores {venom, rElec rF-
                  | rN+ Int+3}
 74650 | Vaults:5 | Identified the +4 orcbow "Paac Teqi" {speed, ^Drain Str+4}
 74664 | Vaults:5 | Got a silver rune of Zot
 75479 | Vaults:5 | Identified the +3 leather armour "Akierphu" {*Corrode rElec
                  | rN++ Dex+3}
 75698 | Vaults:5 | Learned a level 9 spell: Chain Lightning
 75888 | Crypt:1  | Entered Level 1 of the Crypt
 76332 | Slime:1  | Entered Level 1 of the Pits of Slime
 76357 | Slime:3  | Gained mutation: You sometimes lose your temper in combat.
                  | [a shining eye]
 76375 | Slime:2  | Paralysed by a formless jellyfish for 1 turns
 76930 | Slime:5  | Entered Level 5 of the Pits of Slime
 77182 | Slime:5  | Found a viscous altar of Jiyva.
 77225 | Slime:5  | Noticed the Royal Jelly
 77229 | Slime:5  | Killed the Royal Jelly
 77679 | Slime:5  | Reached skill level 15 in Conjurations
 77679 | Slime:5  | Reached skill level 15 in Hexes
 77679 | Slime:5  | Reached skill level 15 in Summonings
 77679 | Slime:5  | Reached skill level 15 in Necromancy
 77679 | Slime:5  | Reached skill level 15 in Translocations
 77679 | Slime:5  | Reached skill level 15 in Ice Magic
 77679 | Slime:5  | Reached skill level 15 in Air Magic
 77679 | Slime:5  | Reached skill level 15 in Earth Magic
 77679 | Slime:5  | Reached skill level 15 in Alchemy
 77799 | Slime:5  | Identified the +6 battleaxe of the Thirteen Tusks {holy,
                  | Str+2}
 77802 | Slime:5  | Gained mutation: You occasionally shout uncontrollably at
                  | your foes. [a shining eye]
 77840 | Slime:5  | Got a slimy rune of Zot
 77904 | Slime:5  | Identified the ring of Ryudoff {rElec Will+ Slay+4}
 77970 | Slime:5  | Identified the staff of Viempido {rPois rF+ rN+ Will- Str+3
                  | Alchemy}
 77971 | Slime:5  | Identified the +10 spear of Pestilence {speed, Will++}
 77971 | Slime:5  | Identified the +7 chain mail "Goiv" {Regen+}
 78738 | Vaults:2 | Lost mutation: You sometimes lose your temper in combat.
                  | [potion of mutation]
 78738 | Vaults:2 | Lost mutation: You occasionally shout uncontrollably at
                  | your foes. [potion of mutation]
 78738 | Vaults:2 | Gained mutation: You are partially covered in iridescent
                  | scales. (AC +2) [potion of mutation]
 78738 | Vaults:2 | Gained mutation: You occasionally lose the ability to read
                  | scrolls when taking damage. [potion of mutation]
 78738 | Vaults:2 | Gained mutation: You are clumsy. (Dex -2) [potion of
                  | mutation]
 78739 | Vaults:2 | Lost mutation: You are clumsy. (Dex -2) [potion of
                  | mutation]
 78739 | Vaults:2 | Lost mutation: You occasionally lose the ability to read
                  | scrolls when taking damage. [potion of mutation]
 78739 | Vaults:2 | Gained mutation: Your flesh is cold resistant. (rC+)
                  | [potion of mutation]
 78739 | Vaults:2 | Gained mutation: You passively dampen the noise of your
                  | surroundings. [potion of mutation]
 78739 | Vaults:2 | Gained mutation: Your natural rate of healing is unusually
                  | fast. [potion of mutation]
 80028 | Zot:1    | Entered Level 1 of the Realm of Zot
 80178 | Zot:2    | Reached XP level 26. HP: 224/224 MP: 41/48
 80706 | Zot:2    | Gained mutation: You are vulnerable to heat. (rF-)
                  | [mutagenic glow]
 81755 | Zot:5    | Entered Level 5 of the Realm of Zot
 84365 | Crypt:2  | Reached XP level 27. HP: 218/233 MP: 33/48
 84567 | Crypt:2  | Identified the +5 dagger of Kismet {heavy, rC+ SInv}
 84932 | Crypt:2  | Identified the +6 sling "Huararow" {flame, rPois rF+++ MP+9
                  | Int+3}
 85062 | Crypt:3  | Entered Level 3 of the Crypt
 85440 | Crypt:3  | Identified the ring "Ichoh" {rF+++ rN+ Str-3 Slay+5}
 85440 | Crypt:3  | Identified the ring "Enauweasku" {*Corrode rC+ rN+ Will++
                  | SInv}
 85440 | Crypt:3  | Found the +13 scythe of Curses {drain, curses, ^Drain}
 85794 | Crypt:3  | Found a staircase to the Tomb.
 87169 | Crypt:3  | Noticed a dread lich
 87263 | Crypt:3  | Killed a dread lich
 87339 | Crypt:3  | Noticed an ancient lich
 87339 | Crypt:3  | Noticed a dread lich
 87346 | Crypt:3  | Killed a dread lich
 87346 | Crypt:3  | Killed an ancient lich
 87511 | Crypt:3  | Learned a level 8 spell: Maxwell's Capacitive Coupling
 88048 | Zot:5    | Noticed a dread lich
 88059 | Zot:5    | Killed a dread lich
 88316 | Zot:5    | Noticed an orb of fire
 88320 | Zot:5    | Gained mutation: Your spells are a little easier to cast,
                  | but a little less powerful. [an orb of fire]
 88322 | Zot:5    | Killed an orb of fire
 88542 | Zot:5    | Noticed a dread lich
 88550 | Zot:5    | Killed a dread lich
 88812 | Zot:5    | Noticed an orb of fire
 88815 | Zot:5    | Lost mutation: Your flesh is cold resistant. (rC+) [an orb
                  | of fire]
 88816 | Zot:5    | Killed an orb of fire
 88926 | Zot:5    | Noticed an ancient lich
 88958 | Zot:5    | Killed an ancient lich
 89666 | Zot:5    | Noticed an ancient lich
 89675 | Zot:5    | Killed an ancient lich
 89737 | Zot:5    | Noticed a dread lich
 89742 | Zot:5    | Killed a dread lich
 90019 | Zot:5    | Noticed an orb of fire
 90024 | Zot:5    | Killed an orb of fire
 90571 | Zot:5    | Got the Orb of Zot
 90947 | D:9      | Noticed Jirhes the pandemonium lord
 91095 | D:$      | Escaped with the Orb!

Illustrated notes

Levels and vault maps discovered:
D:1:      ncdulo_wetmaze, layout_basic
D:2:      layout_loops_cross, shapermc_ecumenical_altar_mp_ritualfount,
          uniq_terence
D:3:      layout_rooms, xom_teletrap_fun, okawaru_ov_weapons_minmay,
          old_standard_altar
D:4:      layout_cave_pools, nicolae_sif_muna_little_library,
          kennysheep_vampire_church, nicolae_shop_i_like_big_books,
          nicolae_grassy_gnolls, uniq_duvessa
D:5:      layout_rooms, overflow_temple_1_default, lemuel_doored_altar,
          nzn_wu_jian_council_hall
D:6:      layout_basic, nicolae_uskayaw_dance_hall, temple_fountains,
          minmay_ogre_servants, uniq_jeremiah
D:7:      layout_loops_ring, mainiacjoe_overflow_catwalk, serial_glass,
          glass_columns_a, glass_columns_c
D:8:      layout_cave_pools, nicolae_ru_path_of_blood, gammafunk_ghost_icy
D:9:      layout_gridville, minmay_lair_entry_grove, grunt_decor_fettered
D:10:     layout_gridville, amethyst_overflow_temple_binary,
          nicolae_straight_to_the_point, uniq_urug, uniq_grum
D:11:     layout_basic, uniq_nergalle, uniq_josephine
D:12:     layout_roguey, david_orc_3, minmay_increasing_density, uniq_nessos,
          uniq_kirke, uniq_frances
D:13:     layout_loops_ring, skrybe_vaults_entry_preservation,
          minmay_quadrilaterals
D:14:     layout_roguey, gammafunk_ghost_smash, solitary_fountain
D:15:     grunt_enter_depths_magical_seal, layout_basic, serial_shops,
          nicolae_shop_behind_doors, fedhas_altar_fruit_tree,
          lightli_wizard_tower
Temple:   compressed_dpeg_triangle_lava_temple
Lair:1:   layout_regular_city, gammafunk_ghost_wrathful_warriors,
          fungi_pond_lemuel, wad_woods_06, minivault_11, serial_bayou_shore_b
Lair:2:   layout_hall_layers, skrybe_swamp_entry_bodies,
          spider_nest_entry_funnel_web, pdpol_lair_neglected_garden,
          lemuel_fruit_tree
Lair:3:   layout_misc_corridors, hangedman_lair_generics_rect, uniq_fannar,
          uniq_amaemon
Lair:4:   layout_cave_pods, dpeg_slime_entry_enclosed
Lair:5:   hellmonk_lair_end_abyssal_woods, layout_regular_city,
          grunt_megastairs_2
Swamp:1:  layout_basic_swamp, evilmike_swamp_ruin_house_2
Swamp:2:  layout_falls_marsh, nicolae_swamp_trees_clearing, uniq_mlioglotl
Swamp:3:  layout_falls_marsh, evilmike_swamp_ruin_house_5, st_shrine_of_shade,
          infiniplex_staircase_pool_2
Swamp:4:  swamp_vile, layout_basic_swamp, nicolae_swamp_tree_isthmus,
          uniq_roxanne
Spider:1: layout_spider_delve, portal_ice_cave_entry_ice_simulacra,
          nicolae_spider_jagged_tunnels, uniq_louise
Spider:2: layout_spider_delve, hangedman_spider_tarantella_strand, uniq_arachne
Spider:3: layout_spider_delve, uniq_jorgrun
Spider:4: grunt_spider_rune_circles, uniq_agnes, uniq_mara
Slime:1:  layout_caves
Slime:2:  layout_caves, cheibrodos_slime_lost_civilization_5
Slime:3:  layout_caves, basic_altar
Slime:4:  layout_caves, nicolae_slime_barrier
Slime:5:  slime_pit_nicolae_trefoil
Orc:1:    layout_caves
Orc:2:    grunt_orc_cross, layout_caves, gauntlet_entry_generic, serial_shops,
          nicolae_book_shop_shelving, uniq_snorg
Elf:1:    eino_elf_arrival_customs, layout_gridlike, minmay_elf_necromancy,
          lemuel_statue_altar, nicolae_elf_theology_debate
Elf:2:    nicolae_elf_blades_crystal_corner, layout_gridlike,
          serial_corexii_hall, chequers_hall_statues_corner_a,
          corexii_hall_statues_l, chequers_hall_statues_y, serial_shops,
          nicolae_shop_dealshenge, nicolae_elevator_lobby_plus
Elf:3:    minmay_elf_hall_x, layout_geoelf_octagon, uniq_nikola, uniq_donald
Vaults:1: advil_vaults_ghost_lines, nicolae_vaults_closet_pinwheel_1,
          nicolae_vaults_bisected_slash, nicolae_vaults_doubleplus_tesselated,
          nicolae_vaults_windows_and_doors_thing,
          nicolae_vaults_shrinking_rooms_1, nicolae_vaults_heist,
          nicolae_vaults_tetromino_Z_2, vaults_room_fours, vaults_mumra_lcd,
          layout_vaults_chaotic_city, serial_shops, nicolae_shop_crystal, shop,
          nicolae_shop_bloodbath_and_beyond, shop
Vaults:2: minmay_crypt_entry_skeletal_spiral,
          nicolae_vaults_offset_grid_hallway_2, v_alt_pattern_1,
          nicolae_vaults_storage_closets_3, nicolae_vaults_network_s,
          nicolae_vaults_door_testing_chamber, nicolae_vaults_mini_display_case,
          vaults_standard_mumra_x, nicolae_vaults_tetromino_L_2,
          nicolae_vaults_trapezoid_1, v_misc_25, v_misc_29,
          layout_vaults_big_cross, uniq_norris, uniq_jory
Vaults:3: nicolae_vaults_little_squares_3, nicolae_vaults_sesquioval_fish,
          vaults_dpeg_doors, st_quartered_hall,
          nicolae_vaults_offset_grid_hallway_4, nicolae_vaults_spaceships,
          nicolae_vaults_little_squares_5, hangedman_vaults_pinch,
          nicolae_vaults_offset_grid_hallway_4, ontoclasm_vaults_ring_small,
          nicolae_vaults_tetromino_L_1, nicolae_vaults_alarming,
          layout_vaults_ring, serial_shops, shop
Vaults:4: hangedman_vaults_hat, nicolae_vaults_meeting, vaults_mumra_minichess,
          nicolae_vaults_sesquioval_fish, vaults_dpeg_encased_lava,
          nicolae_vaults_closet_pinwheel_3, ontoclasm_vaults_shuriken,
          v_pattern_2, nicolae_vaults_weapon_check,
          nicolae_vaults_little_squares_3, nicolae_vaults_trapezoid_2,
          layout_vaults_omnigrid, uniq_xtahua
Vaults:5: uniq_sojobo
Crypt:1:  layout_chaotic_city
Crypt:2:  minmay_skeleton_keep, layout_basic
Crypt:3:  david_glass_crypt, layout_gridlike, nicolae_tomb_entry_rubble_hallway
Depths:1: layout_gridlike, pan_entry, hell_entry, kennysheep_generic_room_14,
          kennysheep_random_hallway, uniq_boris
Depths:2: hangedman_cross_veins, layout_basic, grunt_pan_entry_spiral,
          hangedman_decor_riveting, hell_entry, nicolae_trove_entry_crossroad,
          serial_bayou_shore_b
Depths:3: dreamdust_cat_pyramid, layout_cave_pools, enter_ziggurat_c,
          abyss_entry, hangedman_tar_grid_catacomb,
          nicolae_dithmenos_through_a_glass_darkly, serial_column_ruins,
          column_ruins_hut_ruined, column_ruins_columns_corner,
          column_ruins_columns_corner, column_ruins_corridor_straight,
          column_ruins_grid_3, column_ruins_grid_1,
          column_ruins_columns_straight, column_ruins_open_tiny, uniq_josephina
Depths:4: grunt_zot_entry_bicorn, layout_cave_pools, lightli_too_deep,
          basic_altar
Zot:1:    layout_gridville, st_large_dragon_hoard_2
Zot:2:    infiniplex_zot_generator, layout_twisted_circle, uniq_grunn,
          uniq_parghit
Zot:3:    hangedman_orp_of_zott, layout_misc_corridors,
          hangedman_snake_sidewinding
Zot:4:    layout_concentric_octagons, regret_index_zotdec_plus
Zot:5:    layout_misc_corridors, bh_zot_ikea_curve

Skill      XL: |  1  2  3  4  5  6  7  8  9 10 11 12 13 14 15 16 17 18 19 20 21 22 23 24 25 26 27 |
---------------+----------------------------------------------------------------------------------+-----
Invocations    | 1 2 3 4 5 6 7 8 10 11 12 13 14 15 16 17 18 19 20 | 20.8
Short Blades   | 1 2 3 5 6 7 8 9 10 11 12 13 14 15 16 17 18 19 | 19.3
Long Blades    | 1 2 3 5 6 7 8 9 10 11 12 13 14 15 16 17 18 19 | 19.3
Axes           | 1 2 3 5 6 7 8 9 10 11 12 13 14 15 16 17 18 19 | 19.3
Polearms       | 1 2 3 5 6 7 8 9 10 11 12 13 14 15 16 17 18 19 | 19.3
Staves         | 1 2 3 5 6 7 8 9 10 11 12 13 14 15 16 17 18 19 | 19.3
Ranged Weapons | 1 2 3 5 6 7 8 9 10 11 12 13 14 15 16 17 18 19 | 19.3
Throwing       | 1 2 3 5 6 7 8 9 10 11 12 13 14 15 16 17 18 19 | 19.3
Armour         | 1 2 3 5 6 7 8 9 10 11 12 13 14 15 16 17 18 19 | 19.3
Dodging        | 1 2 3 5 6 7 8 9 10 11 12 13 14 15 16 17 18 19 20 22 | 22.4
Stealth        | 1 2 3 5 6 7 8 9 10 11 12 13 14 15 16 17 18 19 | 19.3
Shields        | 1 2 3 5 6 7 8 9 10 11 12 13 14 15 16 17 18 19 20 22 | 22.3
Unarmed Combat | 1 2 3 5 6 7 8 9 10 11 12 13 14 15 16 17 18 19 | 19.3
Evocations     | 1 2 3 5 6 7 8 9 10 11 12 13 14 15 16 17 18 19 | 19.3
Shapeshifting  | 1 2 3 4 5 6 7 8 9 10 11 12 13 14 15 16 17 | 17.8
Spellcasting   | 3 4 5 6 7 8 9 10 11 12 13 14 15 16 17 18 19 | 19.5
Conjurations   | 1 2 3 4 5 6 7 8 9 10 11 12 13 14 15 16 | 16.5
Hexes          | 1 2 3 4 5 6 7 8 9 10 11 12 13 14 15 16 | 16.5
Summonings     | 1 2 3 4 5 6 7 8 9 10 11 12 13 14 15 16 | 16.5
Necromancy     | 1 2 3 4 5 6 7 8 9 10 11 12 13 14 15 16 | 16.5
Translocations | 1 2 3 4 5 6 7 8 9 10 11 12 13 14 15 16 | 16.5
Ice Magic      | 1 2 3 4 5 6 7 8 9 10 11 12 13 14 15 16 | 16.5
Air Magic      | 1 2 3 4 5 6 7 8 9 10 11 12 13 14 15 16 | 16.5
Earth Magic    | 1 2 3 4 5 6 7 8 9 10 11 12 13 14 15 16 | 16.5
Alchemy        | 1 2 3 4 5 6 7 8 9 10 11 12 13 14 15 16 | 16.5
Fighting       | 7 8 9 10 11 12 13 14 15 16 17 18 19 20 | 20.2
Maces & Flails | 7 8 9 10 11 12 13 14 15 16 17 18 19 20 | 20.2
Fire Magic     | 6 7 8 9 10 11 12 13 14 15 16 17 | 17.2

Action                     |  1- 3 |  4- 6 |  7- 9 | 10-12 | 13-15 | 16-18 | 19-21 | 22-24 | 25-27 || total
---------------------------+-------+-------+-------+-------+-------+-------+-------+-------+-------++-------
  Melee: Mace              |    20 |       |     9 |       |       |       |       |       |       ||    29
         Bite              |     1 |     2 |    10 |    19 |   114 |     8 |    16 |    14 |    18 ||   202
         Whip              |     3 |     9 |    11 |       |       |       |       |       |       ||    23
         Flail             |       |       |    66 |   280 |   382 |     6 |    52 |       |       ||   786
         Broad axe         |       |       |       |       |   325 |    57 |       |       |       ||   382
         Short sword       |       |       |       |       |       |     8 |       |       |       ||     8
         Staff             |       |       |       |       |       |    12 |    38 |    69 |    67 ||   186
  Throw: Dart              |       |       |       |     3 |       |       |       |       |       ||     3
   Cast: Scorch            |    19 |    53 |   130 |   244 |   149 |       |       |       |       ||   595
         Animate Dead      |       |       |       |     7 |    31 |     8 |     8 |       |       ||    54
         Borgnjor's Vile C |       |       |       |       |   145 |    35 |    67 |    58 |    31 ||   336
         Irradiate         |       |       |       |       |    16 |     9 |    26 |    29 |    26 ||   106
         Freezing Cloud    |       |       |       |       |    14 |     6 |       |     1 |       ||    21
         Death Channel     |       |       |       |       |    11 |    24 |    30 |    26 |    14 ||   105
         Olgreb's Toxic Ra |       |       |       |       |    10 |   156 |   138 |       |       ||   304
         Ignite Poison     |       |       |       |       |     8 |    82 |    86 |       |       ||   176
         Plasma Beam       |       |       |       |       |     3 |   107 |   277 |   334 |   396 ||  1117
         Yara's Violent Un |       |       |       |       |       |       |    13 |     4 |     3 ||    20
         Haunt             |       |       |       |       |       |       |    24 |    31 |    37 ||    92
         Ignition          |       |       |       |       |       |       |     2 |    45 |    63 ||   110
         Spellforged Servi |       |       |       |       |       |       |     1 |     5 |     4 ||    10
         Chain Lightning   |       |       |       |       |       |       |       |       |    67 ||    67
         Maxwell's Capacit |       |       |       |       |       |       |       |       |    24 ||    24
 Invoke: Foxfire Swarm     |       |     2 |       |       |     1 |       |       |       |       ||     3
         Fiery Armour      |       |       |       |     1 |       |       |       |       |       ||     1
         Curse Item        |       |       |       |       |     7 |     1 |     5 |     2 |     1 ||    16
         Shatter the Chain |       |       |       |       |       |       |     3 |     2 |     1 ||     6
  Evoke: Wand              |       |       |       |     4 |     6 |     1 |    10 |     4 |     6 ||    31
         Box of beasts     |       |       |       |       |     1 |       |       |     2 |     1 ||     4
         Phial of floods   |       |       |       |       |       |       |     1 |       |       ||     1
         Tin of tremorston |       |       |       |       |       |       |       |       |     2 ||     2
    Use: Scroll            |     1 |     4 |     6 |     8 |    13 |     4 |     4 |     4 |     7 ||    51
         Potion            |       |       |     1 |     3 |     3 |     4 |       |     7 |    12 ||    30
   Stab: Sleeping          |       |       |       |     1 |     7 |       |       |       |       ||     8
         Distracted        |       |       |       |     1 |     5 |     1 |       |     4 |     1 ||    12
 Armour: Robe              |    13 |       |       |       |       |       |    16 |   144 |   235 ||   408
         Ring mail         |       |    13 |    84 |       |       |       |       |       |       ||    97
         Acid dragon scale |       |       |    49 |   382 |   642 |   183 |    46 |       |       ||  1302
         Leather armour    |       |       |       |       |    55 |       |       |       |       ||    55
         Swamp dragon scal |       |       |       |       |       |       |   130 |       |       ||   130
  Dodge: Dodged            |    18 |     8 |    99 |   264 |   555 |   139 |    94 |    87 |   137 ||  1401
  Block: Kite shield       |       |       |    37 |   253 |    96 |       |       |   104 |   185 ||   675
         Buckler           |       |       |       |       |   313 |    69 |    66 |       |       ||   448
         Reflection        |       |       |       |       |    10 |       |       |       |       ||    10

Table legend: (Time is in decaauts)
 A = Elapsed time spent in this place.
 B = Non-inter-level travel time spent in this place.
 C = Inter-level travel time spent in this place.
 D = Time resting spent in this place.
 E = Time spent auto-exploring this place.
 F = Levels seen in this place.
 G = Mean time per level.
                   A        B        C        D        E       F      G
               +--------+--------+--------+--------+--------+-----+--------+
         Total |  93945 |  84896 |   9049 |  45075 |  26226 |  57 | 1648.2 |
       Dungeon |  21686 |  18475 |   3211 |   8325 |   7238 |  15 | 1445.7 |
        Temple |     25 |      2 |     23 |      0 |      0 |   1 |   25.0 |
          Lair |  11187 |  10000 |   1187 |   4857 |   3175 |   5 | 2237.4 |
         Swamp |   5927 |   5662 |    265 |   3065 |   1699 |   4 | 1481.8 |
   Spider Nest |   5316 |   5117 |    199 |   2403 |   1791 |   4 | 1329.0 |
    Slime Pits |   1863 |   1733 |    130 |   1063 |    194 |   5 |  372.6 |
  Orcish Mines |   3664 |   3201 |    463 |   1554 |    948 |   2 | 1832.0 |
   Elven Halls |   7280 |   7005 |    275 |   3873 |   1967 |   3 | 2426.7 |
        Vaults |  18151 |  16182 |   1969 |   9514 |   4671 |   5 | 3630.2 |
         Crypt |   5655 |   5487 |    168 |   3030 |   1880 |   3 | 1885.0 |
        Depths |   6746 |   5986 |    760 |   3196 |   2029 |   4 | 1686.5 |
           Zot |   5623 |   5231 |    392 |   3747 |    527 |   5 | 1124.6 |
      Gauntlet |    819 |    819 |      0 |    446 |    102 |   1 |  819.0 |
               +--------+--------+--------+--------+--------+-----+--------+

Top non-repeatable levels by time:
Vaults:2: 5247 daAuts
Vaults:4: 3743 daAuts
   Zot:5: 3618 daAuts
Vaults:1: 3397 daAuts
Vaults:5: 3311 daAuts
  Lair:2: 3106 daAuts
   Elf:1: 2844 daAuts
Depths:2: 2640 daAuts
   Orc:2: 2574 daAuts
 Crypt:3: 2483 daAuts
Vaults:3: 2450 daAuts
    D:11: 2343 daAuts
  Lair:1: 2278 daAuts
   Elf:3: 2261 daAuts
  Lair:5: 2230 daAuts
